 Dungeon Crawl Stone Soup version 0.25-a0-290-g4a1327e (webtiles) character file.

Game seed: 17294927359191908876, levelgen mode: deterministic

168 Dietz the Slinger (level 5, -1/48 HPs)
             Began as a Halfling Arcane Marksman on Dec 14, 2019.
             Slain by an orc wizard
             ... wielding a +0 dagger
              (4 damage)
             ... on level 3 of the Dungeon.
             The game lasted 00:05:57 (2563 turns).

Dietz the Slinger (Halfling Arcane Marksman)        Turns: 2563, Time: 00:05:57

Health: -1/48      AC:  4    Str: 17    XL:     5   Next: 78%
Magic:  6/6        EV: 20    Int: 11    God:
Gold:   32         SH:  0    Dex: 20    Spells: 5/6 levels left

rFire    . . .     SeeInvis .   b - +0 short sword (drain)
rCold    . . .     Gourm    +   (shield restricted)
rNeg     . . .     Faith    .   e - +0 robe
rPois    .         Spirit   .   k - +2 hat
rElec    .         Reflect  .   (no cloak)
rCorr    .         Harm     .   (no gloves)
MR       .....                  (no boots)
Stlth    ..........             q - amulet of the gourmand
HPRegen  0.16/turn              (no ring)
MPRegen  0.10/turn              (no ring)

@: agile, berserking, very quick
A: small, mutation resistance 1
a: no special abilities


You were on level 3 of the Dungeon.
You were hungry.

You visited 1 branch of the dungeon, and saw 3 of its levels.

You collected 32 gold pieces.

Inventory:

Hand Weapons
 a - a +0 hunting sling
 b - a +0 short sword of draining (weapon)
Missiles
 d - 18 sling bullets
Armour
 e - a +0 robe (worn)
 k - a +2 hat (worn)
Jewellery
 q - an amulet of the gourmand (around neck)
Scrolls
 c - 3 scrolls of remove curse {unknown}
 i - a scroll of teleportation {unknown}
 l - 5 scrolls of identify {unknown}
 m - 2 scrolls of fog {unknown}
 p - a scroll of fear {unknown}
 r - 5 scrolls of amnesia {unknown}
 s - 2 scrolls of magic mapping {unknown}
 u - a scroll of immolation {unknown}
 v - a scroll of enchant armour {unknown}
Potions
 h - a potion of brilliance {unknown}
 j - 2 potions of resistance
 o - a potion of agility
Comestibles
 f - 6 rations


   Skills:
 - Level 0.8 Fighting
 + Level 8.0 Slings
 - Level 2.1 Dodging
 - Level 1.0 Spellcasting
 - Level 2.4 Hexes


You had 5 spell levels left.
You knew the following spells:

 Your Spells              Type           Power        Failure   Level  Hunger
a - Corona                Hex            #......      12%         1    ##.....

Your spell library contained the following spells:

 Spells                   Type           Power        Failure   Level  Hunger
 Slow                     Hex            #.......     19%         2    ###....
 Inner Flame              Hex/Fire       #.......     52%         3    ####...
 Portal Projectile        Hex/Tloc       #.....       52%         3    ####...
 Cause Fear               Hex            #.........   77%         4    #####..
 Leda's Liquefaction      Hex/Erth       #.........   89%         4    #####..


Dungeon Overview and Level Annotations

Branches:
Dungeon (3/15)

Altars:
Yredelemnul


Innate Abilities, Weirdness & Mutations

You are small and have problems with some larger weapons.
You are somewhat resistant to further mutation.


Message History

* * * LOW HITPOINT WARNING * * *
The orc barely misses you.
Unknown command.
It was a potion of agility.
You feel agile all of a sudden.
The orc wizard hits you but does no damage.
The orc hits you but does no damage. The orc wizard closely misses you.
You closely miss the orc wizard.
The orc wizard is severely wounded.
The orc wizard misses you. The orc hits you but does no damage.
It was a potion of berserk rage.
A red film seems to cover your vision as you go berserk!
You feel yourself moving faster!
You feel mighty! The orc wizard completely misses you.
The orc hits you with a +0 short sword.
* * * LOW HITPOINT WARNING * * *
The orc wizard misses you.
You hit the orc wizard.
The orc wizard is almost dead.
The orc wizard hits you with a +0 dagger.
You die...

(. ### (#
#.. (#
#.# ##(#
#.# #(.#
#.# #(##
#.# #(#
#.# #.#
###.# #)#
#@o.#
#.##
##.##
#o###
#...
#..o###(#
####
#...#.((#
#..o).###
#...###
#...#
#####


You could see an orc wizard and an orc.

Vanquished Creatures
  An orc wizard (D:3)
  7 adders
  2 worms (D:2)
  3 leopard geckos
  4 orcs
  A ball python (D:2)
  8 bats
  3 giant cockroaches
  2 gnoll zombies (D:2)
  5 goblins
  4 hobgoblins
  2 jackals (D:1)
  3 quokkas
  3 frilled lizards (D:1)
  4 kobolds
  13 rats
65 creatures vanquished.

Notes
Turn   | Place    | Note
-------+----------+-------------------------------------------
     0 | D:1      | Dietz the Halfling Arcane Marksman began the quest for the
                  | Orb.
     0 | D:1      | Reached XP level 1. HP: 12/12 MP: 2/2
   106 | D:1      | Reached XP level 2. HP: 18/18 MP: 3/3
   107 | D:1      | Reached skill level 4 in Slings
   373 | D:1      | Reached XP level 3. HP: 22/22 MP: 4/4
   563 | D:1      | Reached skill level 5 in Slings
  1269 | D:2      | Reached XP level 4. HP: 27/27 MP: 5/5
  1344 | D:2      | Reached skill level 6 in Slings
  1640 | D:2      | Reached skill level 7 in Slings
  1640 | D:2      | Reached XP level 5. HP: 32/32 MP: 6/6
  1935 | D:2      | Found a basalt altar of Yredelemnul.
  2265 | D:3      | Reached skill level 8 in Slings
  2563 | D:3      | Slain by an orc wizard

Levels and vault maps discovered:
D:1:      onia_arrival_larder, layout_basic
D:2:      layout_rooms, lemuel_zombie_altar_yredelemnul
D:3:      layout_rooms

Skill      XL: |  1  2  3  4  5 |
---------------+----------------+-----
Slings         | 4 5 7 8 |  8.0
Fighting       | |  0.8
Dodging        | |  2.1
Spellcasting   | |  1.0
Hexes          | |  2.4

Action                   |  1- 3 |  4- 6 || total
-------------------------+-------+-------++-------
Melee: Short sword       |     1 |    51 ||    52
 Fire: Hunting sling     |   117 |   124 ||   241
  Use: Potion            |       |     5 ||     5
  Eat: Chunk             |       |     4 ||     4
Armor: Robe              |     8 |    16 ||    24
Dodge: Dodged            |    29 |    67 ||    96

Table legend:
 A = Non-vault XP
 B = Vault XP
 C = Vault XP percentage of total XP
 D = Non-vault monster count
 E = Vault monster count
 F = Vault count percentage of total count
                 A         B        C        D         E       F
            +---------+---------+-------+---------+---------+-------
      Total |     229 |      12 |   5.0 |      57 |       8 |  12.3
            +---------+---------+-------+---------+---------+-------
        D:1 |      37 |       8 |  17.8 |      23 |       6 |  20.7
        D:2 |     125 |       4 |   3.1 |      26 |       2 |   7.1
        D:3 |      67 |       0 |   0.0 |       8 |       0 |   0.0
            +---------+---------+-------+---------+---------+-------
